 Dungeon Crawl Stone Soup version 0.30-a0-883-g5ad918d77d (webtiles) character file.

Game seed: 1950185477596269800

210 FallingFreak the Grasshopper (level 5, 0/45 HPs)
             Began as a Ghoul Warper on Mar 15, 2023.
             Slain by Duvessa
             ... wielding a +0 rapier
              (8 damage)
             ... on level 4 of the Dungeon.
             The game lasted 00:14:13 (2765 turns).

FallingFreak the Grasshopper (Ghoul Warper)         Turns: 2765, Time: 00:14:14

Health: 0/45       AC:  8    Str: 18    XL:     5   Next: 87%
Magic:  2/2        EV:  7    Int: 10    God:
Gold:   259        SH:  0    Dex:  8    Spells: 5/9 levels left

rFire   . . .      SeeInvis .    a - +8 rapier of the Pariah {antimagic, Str+3}
rCold   + . .      Faith    .    (no shield)
rNeg    + + +      Spirit   .    e - +0 chain mail
rPois   ∞          Reflect  .    (no helmet)
rElec   .          Rampage  .    q - scarf {repulsion}
rCorr   .                        (no gloves)
Will    .....                    (no boots) Stlth
                                 (no amulet)
HPRegen 0.00/turn                (no ring)
MPRegen 0.08/turn                (no ring)

@: attractive, inhibited regen, repel missiles
A: claws 1, cold resistance 1, negative energy resistance 3, inhibited
regeneration, torment resistance 2, devour on kill
a: no special abilities


You were on level 4 of the Dungeon.
You visited 1 branch of the dungeon, and saw 4 of its levels.

You collected 259 gold pieces.

Inventory:

Hand Weapons
 a - the +8 rapier of the Pariah (weapon) {antimagic, Str+3}
   (You found it on level 3 of the Dungeon)

   Str:       It affects your strength (+3).
 s - a +0 spear
Missiles
 d - 5 boomerangs of dispersal (quivered) {!f}
Armour
 b - a +0 leather armour
 e - a +0 chain mail (worn)
 q - a scarf of repulsion (worn)
Scrolls
 c - 2 scrolls of enchant weapon {unknown}
 f - a scroll of blinking
 h - a scroll of teleportation {unknown}
 i - 2 scrolls of brand weapon {unknown}
 j - 3 scrolls of identify {unknown}
 k - 3 scrolls of noise {unknown}
Potions
 l - a potion of heal wounds {unknown}
 m - a potion of mutation {unknown}
 n - a potion of degeneration {unknown}
 o - a potion of flight {unknown}
 r - 2 potions of haste {unknown}
 t - 2 potions of lignification {unknown}
 u - a potion of might {unknown}
 E - a potion of attraction


   Skills:
 + Level 3.4 Fighting
 + Level 2.7 Polearms
 - Level 0.8 Throwing
 + Level 2.2 Armour
 - Level 1.7 Dodging
 + Level 2.7 Spellcasting
 + Level 3.5 Translocations


You had 5 spell levels left.
You knew the following spells:

 Your Spells              Type           Power      Damage    Failure   Level
c - Blink                 Tloc           16%        N/A       82%         2
Z - Lesser Beckoning      Tloc           16%        N/A       82%         2

Your spell library contained the following spells:

 Spells                   Type           Power      Damage    Failure   Level
 Teleport Other           Tloc           8%         N/A       96%         3
 Magic Dart               Conj           4%         1d3       99%         1
 Call Imp                 Summ           1%         N/A       99%         2
 Vhi's Electric Charge    Tloc/Air       8%         N/A       99%         3
 Mephitic Cloud           Conj/Pois/Air  1%         N/A       100%        3
 Manifold Assault         Tloc           8%         N/A       100%        4


Dungeon Overview and Level Annotations

Branches:
Dungeon (4/15) Zot: 21226
 Temple: D:4-7

Altars:
Gozag

Annotations:
D:3 Sigmund
D:4 Blork the orc, Duvessa


Innate Abilities, Weirdness & Mutations

You are immune to poison.
You have sharp fingernails.
Your flesh is cold resistant. (rC+)
You are immune to negative energy. (rN+++)
You do not regenerate when monsters are visible.
You are immune to unholy pain and torment.
You thrive by killing the living.


Message History

Press: ? - help, Dir - move target, f/p - Duvessa
Aim: Duvessa, wielding a +0 rapier and wearing a +2 leather armour of poison resistance (heavily wounded, about 30% to evade the +8 rapier of the Pariah)
You barely miss Duvessa.
Duvessa is heavily wounded.
Duvessa closely misses you.
Unknown command.
Hit: a) +8 rapier of the Pariah {antimagic, Str+3}
Press: ? - help, Dir - move target, f/p - Duvessa
Aim: Duvessa, wielding a +0 rapier and wearing a +2 leather armour of poison resistance (heavily wounded, about 30% to evade the +8 rapier of the Pariah)
You puncture Duvessa!
Duvessa is almost dead.
Duvessa barely misses you.
Unknown command.
Hit: a) +8 rapier of the Pariah {antimagic, Str+3}
Press: ? - help, Dir - move target, f/p - Duvessa
Aim: Duvessa, wielding a +0 rapier and wearing a +2 leather armour of poison resistance (almost dead, about 30% to evade the +8 rapier of the Pariah)
You hit Duvessa but do no damage.
Duvessa is almost dead.
Duvessa says, "Where magic fails, the sword succeeds!"
Duvessa hits you with a +0 rapier.
* * * LOW HITPOINT WARNING * * *
Unknown command.
Hit: a) +8 rapier of the Pariah {antimagic, Str+3}
Press: ? - help, Dir - move target, f/p - Duvessa
Aim: Duvessa, wielding a +0 rapier and wearing a +2 leather armour of poison resistance (almost dead, about 30% to evade the +8 rapier of the Pariah)
You closely miss Duvessa.
Duvessa is almost dead.
Duvessa hits you with a +0 rapier.
* * * LOW HITPOINT WARNING * * *
Duvessa hits you but does no damage.
Unknown command.
You feel better. Duvessa hits you with a +0 rapier.
* * * LOW HITPOINT WARNING * * *
Hit: a) +8 rapier of the Pariah {antimagic, Str+3}
Press: ? - help, Dir - move target, f/p - Duvessa
Aim: Duvessa, wielding a +0 rapier and wearing a +2 leather armour of poison resistance (almost dead, about 30% to evade the +8 rapier of the Pariah)
You hit Duvessa.
Duvessa is almost dead.
Duvessa hits you with a +0 rapier!
You die...

##...## #.#.....#.# #.....##
#.#....@#.# .......##
#.#....e#.# .#
........###.......#.######...#
........'....................#
........####....#.######.....#
.......## ##.#.#.# .###.#
#.....## #.....# .# ##...##
###.### .# ##'## #.# ..
#.###########># ..
#.##........#.# ..
##.##.#...##.#.#
##...#..###.#.#.#
...>....<.##..#.#
##...#.##.......#
##.##.#####..###


You could see Duvessa.

Vanquished Creatures
  2 scorpions (D:3)
  An iguana (D:3)
  An adder (D:2)
  3 dart slugs
  2 orcs (D:4)
  6 ball pythons
  6 endoplasms
  2 giant cockroaches
  4 goblins
  5 hobgoblins
  2 jackals (D:2)
  6 bats
  2 kobolds
  5 rats
47 creatures vanquished.

Notes
Turn   | Place    | Note
-------+----------+-------------------------------------------
     0 | D:1      | FallingFreak the Ghoul Warper began the quest for the Orb.
     0 | D:1      | Reached XP level 1. HP: 17/17 MP: 2/2
   104 | D:1      | Reached skill level 1 in Armour
   211 | D:1      | Reached XP level 2. HP: 25/25 MP: 3/3
   271 | D:1      | HP: 1/25 [ball python (2)]
   765 | D:1      | Increase (s)trength, (i)ntelligence, or (d)exterity?
   765 | D:1      | Reached XP level 3. HP: 29/30 MP: 5/5
   907 | D:1      | Found a faded altar of an unknown god.
  1745 | D:3      | Reached XP level 4. HP: 37/37 MP: 6/6
  1790 | D:3      | Identified the +8 rapier of the Pariah {antimagic, Str+3}
  1966 | D:3      | Found an opulent altar of Gozag.
  2001 | D:3      | Noticed a scorpion
  2014 | D:3      | Killed a scorpion
  2015 | D:3      | Reached XP level 5. HP: 45/45 MP: 2/7
  2299 | D:3      | Noticed Sigmund
  2340 | D:2      | Learned a level 2 spell: Blink
  2343 | D:2      | Learned a level 2 spell: Lesser Beckoning
  2444 | D:4      | Noticed Blork the orc
  2737 | D:4      | Noticed Duvessa
  2757 | D:4      | HP: 2/45 [Duvessa/+0 rapier (2)]
  2765 | D:4      | Slain by Duvessa

Illustrated notes

Levels and vault maps discovered:
D:1:      heliophobic_arrival_ceremonial_halls, layout_basic,
          shapermc_ecumenical_altar_notcrosses
D:2:      layout_loops_ring
D:3:      layout_basic, mainiacjoe_overflow_cross_hatched, minmay_statues_item,
          kennysheep_another_room, dreamdust_princess_bridge,
          minmay_crystal_room, kennysheep_generic_room_8,
          uniq_crazy_yiuf_cottage, uniq_sigmund
D:4:      minmay_octagon_keep, layout_loops_corners, lemuel_doored_altar,
          kennysheep_mini_moat, serial_shops, shop_fountains,
          uniq_blork_the_orc, uniq_duvessa

Skill      XL: |  1  2  3  4  5 |
---------------+----------------+-----
Armour         | 1 2 |  2.2
Polearms       | 2 |  2.7
Spellcasting   | 2 |  2.7
Translocations | 3 |  3.5
Fighting       | 3 |  3.4
Throwing       | |  0.8
Dodging        | |  1.7

Action                     |  1- 3 |  4- 6 || total
---------------------------+-------+-------++-------
  Melee: Spear             |   171 |     4 ||   175
         Punch             |     2 |       ||     2
         Rapier            |       |    33 ||    33
  Throw: Boomerang         |       |     2 ||     2
    Use: Potion            |       |     3 ||     3
 Armour: Chain mail        |    83 |    14 ||    97
  Dodge: Dodged            |    48 |    15 ||    63

Table legend: (Time is in decaauts)
 A = Elapsed time spent in this place.
 B = Non-inter-level travel time spent in this place.
 C = Inter-level travel time spent in this place.
 D = Time resting spent in this place.
 E = Time spent auto-exploring this place.
 F = Levels seen in this place.
 G = Mean time per level.
                   A        B        C        D        E       F      G
               +--------+--------+--------+--------+--------+-----+--------+
         Total |   2772 |   2619 |    153 |    140 |   1893 |   4 |  693.0 |
       Dungeon |   2772 |   2619 |    153 |    140 |   1893 |   4 |  693.0 |
               +--------+--------+--------+--------+--------+-----+--------+

Top non-repeatable levels by time:
     D:1: 1046 daAuts
     D:2: 773 daAuts
     D:3: 716 daAuts
     D:4: 235 daAuts
